cohdb
Replays
Latest Replays
All Replays
Popular Replays
Top Player Replays
Match Explorer
How It Works
Community
CoH3 Stats
Reddit
Sign in to upload your games and track your stats! →
Sign in with Steam
Match 44448833
Unlisted
Match 44448833
Overview
Messages
Build Orders
End
Construct Barracks
Riflemen Squad
M1 Mortar Team
Riflemen Squad
Selects Advanced Infantry Battlegroup
Selects Convert to Ranger Squad
Convert to Ranger Squad
Riflemen Squad
Infantry Support Center
Convert to Ranger Squad
Selects Frontline Medical Station
Frontline Medical Station
Selects Ammunition Storage
Convert to Ranger Squad
Advanced Logistics
Survival Training
Selects Ranger Weapon Training
Engineer Squad
.30 cal Machine Gun
骚年翻滚起来
Apocalips
战汝娘亲
lyj00forest
Microsoft 365® Excel
HORUS
Valar[M]orgHulis
Kooshaba
0
0
Comments
sign in to comment!
No comments posted yet!